 Dungeon Crawl Stone Soup version 0.24.0-35-gdb84b6a5db (webtiles) character file.

Game seed: 16270017025607122569, levelgen mode: deterministic

1435 Ponchio the Skirmisher (level 8, 0/52 HPs)
             Began as a Gargoyle Earth Elementalist on Nov 17, 2019.
             Was an Initiate of Vehumet.
             Slain by Duvessa
             ... wielding a +2 rapier of freezing
              (3 damage)
             ... on level 5 of the Dungeon.
             The game lasted 00:44:00 (8431 turns).

Ponchio the Skirmisher (GrEE)                       Turns: 8431, Time: 00:44:00

Health: 0/52       AC: 11    Str: 12    XL:     8   Next: 73%
Magic:  12/14      EV: 12    Int: 18    God:    Vehumet [......]
Gold:   624        SH:  0    Dex: 10    Spells: 10/16 levels left

rFire    . . .     SeeInvis .   h - +2 short sword (vamp)
rCold    . . .     Gourm    .   (no shield)
rNeg     + . .     Faith    .   c - +2 robe
rPois    ∞         Spirit   .   m - +2 hat
rElec    +         Reflect  .   (no cloak)
rCorr    .         Harm     .   (no gloves)
MR       .....                  (no boots)
Stlth    ++........             (no amulet)
HPRegen  0.17/turn              (no ring)
MPRegen  0.14/turn              (no ring)

@: no status effects
A: negative energy resistance 1, electricity resistance, unbreathing,
petrification resistance, rot immunity, AC +5
a: Renounce Religion


You were on level 5 of the Dungeon.
You worshipped Vehumet.
Vehumet was noncommittal.
You were not hungry.

You visited 2 branches of the dungeon, and saw 7 of its levels.
You also visited: Sewer.

You collected 624 gold pieces.

Inventory:

Hand Weapons
 h - a +2 vampiric short sword (weapon)
Missiles
 b - 92 stones (quivered)
Armour
 c - a +2 robe (worn)
 m - a +2 hat (worn)
Jewellery
 j - an uncursed amulet of faith
Scrolls
 n - 2 scrolls of teleportation
Potions
 a - a potion of lignification
 e - a potion of resistance
 f - 4 potions of might
 g - 3 potions of heal wounds
 i - 3 potions of brilliance
 k - 2 potions of agility
 l - 6 potions of curing
 o - a potion of magic {unknown}
 p - a potion of haste {unknown}
 q - a potion of flight {unknown}
Comestibles
 d - 3 rations


   Skills:
 + Level 6.6 Fighting
 + Level 6.2 Short Blades
 - Level 1.5 Dodging
 - Level 2.1 Stealth
 - Level 4.6 Spellcasting
 - Level 0.7 Transmutations
 - Level 4.0 Earth Magic


You had 10 spell levels left.
You knew the following spells:

 Your Spells              Type           Power        Failure   Level  Hunger
a - Sandblast             Erth           ###...       2%          1    None
b - Stone Arrow           Conj/Erth      ##....       19%         3    ###....
c - Passwall              Tmut/Erth      ##......     8%          2    #......

Your spell library contained the following spells:

 Spells                   Type           Power        Failure   Level  Hunger
 Petrify                  Tmut/Erth      ##......     45%         4    ####...
 Lee's Rapid Deconstruct  Erth           ###.......   58%         5    ######.


Dungeon Overview and Level Annotations

Branches:
Dungeon (6/15)             Temple (1/1) D:5           Sewer (visited)

Altars:
Ashenzari
Cheibriados
Dithmenos
Elyvilon
Fedhas
Kikubaaqudgha
Makhleb
Nemelex Xobeh
Okawaru
Qazlal
Ru
Trog
Uskayaw
Vehumet
Xom
Yredelemnul
Zin
The Shining One

Annotations:
D:5 Dowan, Duvessa


Innate Abilities, Weirdness & Mutations

You are resistant to torment.
Your stone body is resilient. (AC +5)
You are immune to poison.
You resist negative energy. (rN+)
You are resistant to electric shocks. (rElec)
You can survive without breathing.
You are immune to petrification.
You are immune to rotting.


Message History

Aiming: Passwall (safe; 8% risk of failure)
Press: ? - help, Dir - move target cursor You can't see that place. [the floor.] Duvessa hits you with a +2 rapier of freezing.
Duvessa freezes you.
Dowan says, "My weaknesses are her strengths!"
Dowan hits you but does no damage.
Duvessa hits you with a +2 rapier of freezing.
* * * LOW HITPOINT WARNING * * *
Duvessa freezes you.
* * * LOW HITPOINT WARNING * * *
You begin to meditate on the wall.
You continue meditating on the rock.
Dowan points at you and mumbles some strange words.
The puff of flame hits you!
* * * LOW HITPOINT WARNING * * *
Duvessa hits you but does no damage.
You continue meditating on the rock.
Duvessa hits you with a +2 rapier of freezing.
You die...

..............#########'#########
..............#.....#......#.....
..............'.....#......'.....
..............#.....#......#.....
..............#.....#......#.....
..............#.....#......#.....
................#..##..##+######.
.....#############'##..##..##.##'
.....# #@e............... .....#
#.e............... .....#
#................. .....#
################## ######


You could see Duvessa and Dowan.

Vanquished Creatures
  Edmund (D:5)
  An ice beast (D:5)
  3 big kobolds (Sewer)
  A scorpion (D:4)
  A crimson imp (D:5)
  A jelly (D:6)
  2 orc priests (D:4)
  A bullfrog skeleton (D:5)
  5 hounds
  6 orc wizards
  2 iguanas
  4 worker ants
  A worker ant zombie (D:5)
  3 gnolls (D:2)
  5 river rats (Sewer)
  9 adders
  A shadow imp (D:6)
  2 oozes
  3 dart slugs
  4 leopard geckos
  26 orcs
  4 ball pythons
  8 bats
  3 giant cockroaches
  7 goblins
  11 hobgoblins
  10 jackals
  22 kobolds
  3 quokkas
  A ball python skeleton (D:4)
  9 frilled lizards
  A leopard gecko skeleton (D:4)
  26 rats
187 creatures vanquished.

Notes
Turn   | Place    | Note
-------+----------+-------------------------------------------
     0 | D:1      | Ponchio the Gargoyle Earth Elementalist began the quest for
                  | the Orb.
     0 | D:1      | Reached XP level 1. HP: 10/10 MP: 3/3
   207 | D:1      | Reached XP level 2. HP: 13/15 MP: 0/5
   682 | D:1      | Reached XP level 3. HP: 19/19 MP: 2/7
  1945 | D:2      | Learned a level 3 spell: Stone Arrow
  1948 | D:2      | Learned a level 2 spell: Passwall
  2086 | D:2      | Reached XP level 4. HP: 24/24 MP: 7/9
  2887 | D:2      | Reached XP level 5. HP: 28/28 MP: 6/11
  3309 | D:3      | Reached skill level 1 in Short Blades
  3503 | D:3      | Found a glowing drain.
  3513 | D:3      | Reached skill level 1 in Fighting
  3525 | Sewer    | Entered a sewer
  3918 | Sewer    | Noticed a big kobold
  3922 | Sewer    | Reached XP level 6. HP: 34/34 MP: 4/12
  4221 | Sewer    | Reached XP level 7. HP: 24/41 MP: 13/13
  4782 | D:3      | Found a white marble altar of Elyvilon.
  5140 | D:3      | Found a bloodstained altar of Trog.
  5998 | D:4      | Reached XP level 8. HP: 40/48 MP: 14/14
  6111 | D:4      | Reached skill level 5 in Fighting
  6111 | D:4      | Reached skill level 5 in Short Blades
  6393 | D:5      | Entered Level 5 of the Dungeon
  6565 | D:5      | Found a snail-covered altar of Cheibriados.
  6662 | D:5      | Noticed Edmund
  6701 | D:5      | Killed Edmund
  6917 | D:5      | Found a staircase to the Ecumenical Temple.
  6941 | Temple   | Entered the Ecumenical Temple
  6982 | Temple   | Became a worshipper of Vehumet
  7615 | D:6      | Noticed a hippogriff
  7617 | D:6      | Noticed Dowan
  7618 | D:6      | Noticed Duvessa
  8431 | D:5      | Slain by Duvessa

Levels and vault maps discovered:
D:1:      denvon_arrival_planthouse, layout_basic
D:2:      layout_basic
D:3:      layout_loops_ring, elyvilon_altar_4, portal_sewer_entry_d,
          trog_hazing_becter
D:4:      minmay_polygon_palace, layout_basic
D:5:      layout_gridville, kennysheep_slug_shrine,
          minmay_temple_entry_overgrown, first_ration, uniq_edmund
D:6:      layout_loops_corners, kennysheep_mini_moat, overflow_temple_1_default,
          minmay_misc_feat_secret_circle, uniq_duvessa, uniq_sigmund, uniq_pikel
Temple:   regret_index_temple_waves

Skill      XL: |  1  2  3  4  5  6  7  8 |
---------------+-------------------------+-----
Earth Magic    | 4 |  4.0
Spellcasting   | 3 4 |  4.6
Short Blades   | 1 3 4 6 |  6.2
Fighting       | 1 3 4 6 |  6.6
Dodging        | |  1.5
Stealth        | |  2.1
Transmutations | |  0.7

Action                   |  1- 3 |  4- 6 |  7- 9 || total
-------------------------+-------+-------+-------++-------
Melee: Unarmed           |     6 |       |       ||     6
       Dagger            |    10 |    33 |       ||    43
       Short sword       |       |   169 |   603 ||   772
 Cast: Sandblast         |    60 |    35 |    10 ||   105
       Passwall          |     1 |     1 |     2 ||     4
       Stone Arrow       |       |    17 |     3 ||    20
  Use: Scroll            |     6 |     2 |     8 ||    16
       Potion            |       |       |     2 ||     2
 Stab: Sleeping          |     1 |       |     2 ||     3
  Eat: Chunk             |     3 |     3 |     9 ||    15
       Ration            |       |     2 |     2 ||     4
Armor: Robe              |    13 |    94 |   229 ||   336
Dodge: Dodged            |    28 |   151 |   331 ||   510
